 Dungeon Sprint DCSS version 0.26-a0-720-g2a1d101370 (webtiles) character file.

Game seed: 2615319486236785281

13657 mhtbhm the Executioner (level 11, -21/175 HPs)
             Began as a Minotaur Berserker on Nov 3, 2020.
             Was a High Priest of Trog.
             Killed from afar by a Hell Sentinel (32 damage)
             ... with damnation
             ... in the Dungeon (Sprint VII: "The Pits").
             The game lasted 00:04:45 (2406 turns).

mhtbhm the Executioner (Minotaur Berserker)         Turns: 2406, Time: 00:04:46

Health: -21/175    AC: 21    Str: 32    XL:     11   Next: 78%
Magic:  10/10      EV: 12    Int:  4    God:    Trog [*****.]
Gold:   0          SH:  0    Dex:  9    Spells: 10/10 levels left

rFire    . . .     SeeInvis .   a - +5 executioner's axe (flame)
rCold    . . .     Faith    .   (shield currently unavailable)
rNeg     . . .     Spirit   .   b - +3 plate armour
rPois    .         Reflect  .   (helmet restricted)
rElec    .         Harm     .   p - +0 cloak
rCorr    .         Rampage  .   (no gloves)
MR       .....     NoTele   +   (no boots)
Stlth    ..........             (no amulet)
HPRegen  0.39/turn              l - +3 ring of strength
MPRegen  0.12/turn              n - +3 ring of strength

@: berserking, very quick
A: retaliatory headbutt, horns 2
a: Berserk, Trog's Hand, Brothers in Arms, Renounce Religion


You were in the Dungeon.
You worshipped Trog.
Trog was extremely pleased with you.
You visited 1 branch

Inventory:

Hand Weapons
 a - a +5 executioner's axe of flaming (weapon)
 q - a +5 vorpal battleaxe
Missiles
 h - 12 silver javelins (quivered)
Armour
 b - a +3 plate armour (worn)
 p - a +0 cloak (worn)
Jewellery
 l - a +3 ring of strength (left hand)
 n - a +3 ring of strength (right hand)
Scrolls
 j - 2 scrolls of remove curse
 k - a scroll of summoning
Potions
 c - 7 potions of curing
 d - 5 potions of heal wounds
 e - 2 potions of haste
 f - 4 potions of magic
 g - 5 potions of berserk rage
 i - 2 potions of invisibility
 m - a potion of resistance
 o - a potion of stabbing


   Skills:
 + Level 17.2 Fighting
 + Level 22.5 Axes
 + Level 14.7 Armour
 + Level 9.1 Dodging
 + Level 3.9 Stealth


You had 10 spell levels left.
You didn't know any spells.
Your spell library was empty.

Dungeon Overview and Level Annotations

Branches:
Dungeon (1/1)

Altars:
Gozag
Hepliaklqana
Sif Muna
Trog
Jiyva


Innate Abilities, Weirdness & Mutations

You reflexively headbutt those who attack you in melee.
You have a pair of horns on your head.


Message History

The Hell Sentinel hits you but does no damage.
You hit the Hell Sentinel but do no damage.
The Hell Sentinel is heavily wounded.
You chop the Hell Sentinel into pieces!!!
You headbutt the Hell Sentinel, but do no damage.
The Hell Sentinel is severely wounded.
The Hell Sentinel gestures at you. The iron shot hits you!!
You hit the Hell Sentinel but do no damage.
The Hell Sentinel is severely wounded.
You slash the Hell Sentinel! You headbutt the Hell Sentinel.
The Hell Sentinel is almost dead.
The Hell Sentinel gestures at you. The iron shot hits you!!!
* * * LOW HITPOINT WARNING * * *
You barely miss the Hell Sentinel. You headbutt the Hell Sentinel.
The Hell Sentinel is almost dead.
The Hell Sentinel gestures at you.
The sphere of damnation explodes!
The damnation engulfs you!!
You die...

#+# #.# #1# #@#
#'# #.# #'# #.#
#'#
################'#
.................#
......[........).#


You could see a Hell Sentinel.

Vanquished Creatures
  A golden dragon (D)
  An azure jelly (D)
  A minotaur (D)
  A merfolk avatar (D)
  A two-headed ogre (D)
  A shadow wraith (D)
  An unseen horror (D)
  A cyclops (D)
  An orange demon (D)
  An efreet (D)
  A jumping spider (D)
  A merfolk (D)
  A polar bear (D)
  Grinder (D)
  A shadow (D)
  A warg (D)
  4 orc warriors (D)
  A necrophage (D)
  An ogre (D)
  11 wights (D)
  A quasit (D)
  2 orc priests (D)
  4 orc wizards (D)
  A hell rat (D)
  A worker ant (D)
  7 orcs (D)
  A ball python (D)
  A bat (D)
  A giant cockroach (D)
  4 jackals (D)
  2 quokkas (D)
  2 frilled lizards (D)
  A kobold (D)
61 creatures vanquished.

Vanquished Creatures (collateral kills)
  Saint Roka (D)
  A pandemonium lord (D)
  2 orc warriors (D)
  An ogre (D)
5 creatures vanquished.

Vanquished Creatures (others)
  An orc (D)
1 creature vanquished.

Grand Total: 67 creatures vanquished

Notes
Turn   | Place    | Note
-------+----------+-------------------------------------------
     0 | D        | mhtbhm the Minotaur Berserker began the quest for the Orb.
     0 | D        | Reached XP level 1. HP: 19/19 MP: 0/0
    11 | D        | Reached skill level 4 in Axes
    53 | D        | Reached ** piety under Trog
   245 | D        | Reached *** piety under Trog
   245 | D        | Reached XP level 2. HP: 28/28 MP: 1/1
   332 | D        | Noticed Grinder
   336 | D        | Reached skill level 5 in Axes
   337 | D        | Reached **** piety under Trog
   351 | D        | Killed Grinder
   351 | D        | Reached skill level 9 in Axes
   351 | D        | Reached skill level 5 in Dodging
   351 | D        | Reached skill level 1 in Stealth
   351 | D        | Reached XP level 3. HP: 3/41 MP: 2/2
   351 | D        | Reached XP level 4. HP: 4/49 MP: 3/3
   351 | D        | Reached XP level 5. HP: 4/56 MP: 4/4
   638 | D        | Found a bloodstained altar of Trog.
   638 | D        | Found a shimmering blue altar of Sif Muna.
   638 | D        | Found a viscous altar of Jiyva.
   638 | D        | Found a hazy altar of Hepliaklqana.
   638 | D        | Found an opulent altar of Gozag.
   667 | D        | Reached skill level 10 in Axes
   667 | D        | Reached XP level 6. HP: 64/64 MP: 5/5
   667 | D        | Reached skill level 5 in Armour
   669 | D        | Reached ***** piety under Trog
   671 | D        | Reached skill level 10 in Fighting
   671 | D        | Reached skill level 11 in Axes
   672 | D        | Received a gift from Trog
   676 | D        | Reached skill level 12 in Axes
   676 | D        | Reached XP level 7. HP: 73/73 MP: 6/6
   680 | D        | Received a gift from Trog
   815 | D        | Killed a shadow wraith
   815 | D        | Reached skill level 14 in Axes
   815 | D        | Reached XP level 8. HP: 41/83 MP: 7/7
   992 | D        | Received a gift from Trog
   993 | D        | Reached ****** piety under Trog
  1128 | D        | Noticed an efreet
  1134 | D        | Killed an unseen horror
  1134 | D        | Reached skill level 15 in Axes
  1134 | D        | Reached XP level 9. HP: 92/92 MP: 8/8
  1134 | D        | Killed an efreet
  1259 | D        | Noticed a jumping spider
  1260 | D        | Noticed a polar bear
  1267 | D        | Killed a polar bear
  1267 | D        | Reached skill level 16 in Axes
  1279 | D        | Killed a jumping spider
  1279 | D        | Received a gift from Trog
  1279 | D        | Reached skill level 10 in Armour
  1350 | D        | Noticed a cyclops
  1364 | D        | Noticed Saint Roka
  1367 | D        | Received a gift from Trog
  1367 | D        | Reached skill level 17 in Axes
  1370 | D        | Killed a cyclops
  1387 | D        | Killed Saint Roka
  1387 | D        | Reached skill level 15 in Fighting
  1387 | D        | Reached skill level 19 in Axes
  1387 | D        | Reached XP level 10. HP: 36/105 MP: 9/9
  1634 | D        | Noticed a merfolk avatar
  1648 | D        | Killed a merfolk avatar
  1648 | D        | Received a gift from Trog
  1761 | D        | Noticed a minotaur
  1762 | D        | Noticed an orange demon
  1769 | D        | Killed an orange demon
  1771 | D        | Killed a minotaur
  1771 | D        | Reached skill level 20 in Axes
  1771 | D        | Reached XP level 11. HP: 71/114 MP: 10/10
  2001 | D        | Noticed a two-headed ogre
  2008 | D        | Killed a two-headed ogre
  2149 | D        | Noticed Coihuten the pandemonium lord
  2153 | D        | Killed Coihuten the pandemonium lord
  2153 | D        | Received a gift from Trog
  2338 | D        | Noticed an azure jelly
  2341 | D        | Killed an azure jelly
  2341 | D        | Reached skill level 21 in Axes
  2350 | D        | Noticed a golden dragon
  2357 | D        | Killed a golden dragon
  2357 | D        | Reached skill level 22 in Axes
  2395 | D        | Noticed a Hell Sentinel
  2406 | D        | Killed from afar by a Hell Sentinel

Illustrated notes

Levels and vault maps discovered:
D:        pitsprint [storerooms_1, entrance_room_1, metal_vault_2, armoury_1,
          mini_pit_1, grid_room_1, main_hall_1, silver_pit, the_coven_1,
          the_vestibule_1, steel_vault_2, golden_pit, hallway_of_sentries,
          crystal_vault_1, iron_vault_5, final_vault]

Skill      XL: |  1  2  3  4  5  6  7  8  9 10 11 |
---------------+----------------------------------+-----
Axes           | 4 9 10 12 14 15 19 20 22 | 22.5
Fighting       | 4 8 9 10 12 15 17 | 17.2
Armour         | 4 6 7 9 12 13 14 | 14.7
Dodging        | 5 6 7 8 9 |  9.1
Stealth        | 1 2 3 |  3.9

Action                   |  1- 3 |  4- 6 |  7- 9 | 10-12 || total
-------------------------+-------+-------+-------+-------++-------
Melee: Hand axe          |    29 |    13 |     8 |       ||    50
       Headbutt          |     1 |     1 |     5 |    10 ||    17
       Battleaxe         |       |       |    35 |     1 ||    36
       Executioner's axe |       |       |       |    45 ||    45
Invok: Berserk           |     1 |     1 |     2 |     5 ||     9
       Brothers in Arms  |       |       |     2 |     1 ||     3
       Trog's Hand       |       |       |     1 |       ||     1
  Use: Potion            |     1 |       |     5 |     1 ||     7
       Scroll            |       |       |     2 |       ||     2
 Stab: Sleeping          |     1 |       |       |       ||     1
Armor: Animal skin       |     5 |       |       |       ||     5
       Chain mail        |       |     5 |     5 |       ||    10
       Plate armour      |       |       |     8 |    26 ||    34
Dodge: Dodged            |    16 |     1 |    18 |    18 ||    53

Table legend: (Time is in decaauts)
 A = Elapsed time spent in this place.
 B = Non-inter-level travel time spent in this place.
 C = Inter-level travel time spent in this place.
 D = Time resting spent in this place.
 E = Time spent auto-exploring this place.
 F = Levels seen in this place.
 G = Mean time per level.
                   A        B        C        D        E       F      G
               +--------+--------+--------+--------+--------+-----+--------+
         Total |   2471 |   2471 |      0 |   1783 |     75 |   1 | 2471.0 |
       Dungeon |   2471 |   2471 |      0 |   1783 |     75 |   1 | 2471.0 |
               +--------+--------+--------+--------+--------+-----+--------+

Top non-repeatable levels by time:
       D: 2471 daAuts
